 Dungeon Crawl Stone Soup version 0.28-a0-1555-g9ae15a6949 (webtiles) character file.

Game seed: 12858118716755029900

31186 Hasart the Martial Artist (level 13, -4/105 HPs)
             Began as an Octopode Transmuter on Jan 19, 2022.
             Was an Initiate of Gozag.
             Slain by an eight-headed hydra (10 damage)
             ... on level 5 of the Lair of Beasts.
             The game lasted 00:47:36 (22693 turns).

Hasart the Martial Artist (Octopode Transmuter)    Turns: 22693, Time: 00:47:38

Health: -4/105     AC:  9    Str: 10    XL:     13   Next: 56%
Magic:  0/24       EV: 12    Int: 20    God:    Gozag
Gold:   239        SH:  0    Dex: 12    Spells: 10/27 levels left

rFire   x . .      SeeInvis +     - Unarmed
rCold   + + +      Faith    .   (shield currently unavailable)
rNeg    . . .      Spirit   +   (helmet currently unavailable)
rPois   +          Reflect  .   d - amulet "Ogoyj" {Spirit SInv}
rElec   .          Harm     .   (no ring)
rCorr   .          Rampage  .   (no ring)
Will    .....                   (no ring)
Stlth   +.........              (no ring)
HPRegen 0.27/turn               (no ring)
MPRegen 0.19/turn               (no ring)
                                (no ring)
                                (no ring)

@: mighty, brilliant, ice-form, wereblooded
A: freezing attack, boosted hp, almost no armour, amphibious, 8 rings, large,
(camouflage 1), (gelatinous body 1), (nimble swimmer 1), (tentacles)
a: End Transformation, Renounce Religion, Potion Petition, Call Merchant, Bribe
Branch


You were on level 5 of the Lair of Beasts.
You worshipped Gozag.
Gozag was aware of your devotion.
You were a creature of crystalline ice.
You visited 3 branches of the dungeon, and saw 16 of its levels.

You collected 3622 gold pieces.
You spent 141 gold pieces at shops.
You paid 3242 gold pieces to Gozag.

Inventory:

Missiles
 o - 4 throwing nets
Jewellery
 d - the amulet "Ogoyj" (around neck) {Spirit SInv}
   (You found it on level 2 of the Dungeon)

   [amulet of guardian spirit]

   It causes incoming damage to be divided between your reserves of health and
   magic.
   SInv:      It lets you see invisible.
 q - an amulet of the acrobat
Wands
 t - a wand of iceblast (7)
 v - a wand of flame (23)
 y - a wand of paralysis (19)
 C - a wand of digging (4)
 F - a wand of polymorph (3)
 H - a wand of acid (4)
Scrolls
 a - 4 scrolls of blinking
 f - 10 scrolls of identify
 g - a scroll of fear
 h - 8 scrolls of teleportation
 k - a scroll of vulnerability
 l - a scroll of fog
 m - 3 scrolls of magic mapping
 s - 2 scrolls of enchant weapon
 u - a scroll of silence
 w - a scroll of amnesia
 G - a scroll of enchant armour
Potions
 b - 3 potions of lignification
 c - 2 potions of heal wounds
 e - a potion of berserk rage {unknown}
 i - 3 potions of degeneration {unknown}
 j - a potion of brilliance
 n - 4 potions of mutation {unknown}
 p - a potion of ambrosia {unknown}
 x - a potion of might
 z - a potion of attraction {unknown}
 A - 5 potions of curing
 E - 2 potions of haste {unknown}


   Skills:
 + Level 7.8 Fighting
 + Level 8.0 Dodging
 * Level 11.5 Unarmed Combat
 + Level 7.5 Spellcasting
 + Level 5.8 Conjurations
 + Level 8.0 Transmutations
 + Level 6.2 Ice Magic
 + Level 5.8 Air Magic
 + Level 9.1 Poison Magic


You had 10 spell levels left.
You knew the following spells:

 Your Spells              Type           Power      Damage    Failure   Level
b - Wereblood             Tmut           56%        N/A       1%          2
c - Freezing Cloud        Conj/Ice/Air   23%        6-21      22%         5
d - Mephitic Cloud        Conj/Pois/Air  51%        N/A       1%          3
f - Ice Form              Ice/Tmut       53%        N/A       4%          4
q - Ozocubu's Armour      Ice            48%        N/A       1%          3

Your spell library contained the following spells:

 Spells                   Type           Power      Damage    Failure   Level
 Beastly Appendage        Tmut           100%       N/A       1%          1
 Magic Dart               Conj           100%       1d8       1%          1
 Spider Form              Tmut/Pois      58%        N/A       1%          3
 Ignite Poison            Fire/Tmut/Pois 45%        N/A       2%          3
 Alistair's Intoxication  Tmut/Pois      38%        N/A       8%          5
 Conjure Flame            Conj/Fire      28%        6-21      9%          3
 Dazzling Flash           Conj/Hex       56%        N/A       9%          3
 Blade Hands              Tmut           28%        N/A       9%          5
 Call Imp                 Summ           11%        N/A       14%         2
 Irradiate                Conj/Tmut      26%        3d22      14%         5
 Portal Projectile        Hex/Tloc       22%        N/A       26%         3
 Sticky Flame             Conj/Fire      28%        2d5       26%         4
 Eringya's Noxious Bog    Tmut/Pois      29%        N/A       38%         6
 Silence                  Hex/Air        14%        N/A       58%         5
 Animate Dead             Necr           5%         N/A       65%         4
 Agony                    Necr           11%        N/A       94%         5
 Borgnjor's Vile Clutch   Necr/Erth      5%         N/A       94%         5
 Excruciating Wounds      Necr           5%         N/A       94%         5
 Dragon Form              Tmut           28%        N/A       95%         7
 Ozocubu's Refrigeration  Ice            24%        4d9       99%         7
 Haunt                    Necr/Summ      5%         N/A       100%        7
 Infestation              Necr           5%         N/A       100%        8


Dungeon Overview and Level Annotations

Branches:
Dungeon (10/15)            Temple (1/1) D:7            Lair (5/6) D:8
 Shoals (0/4) Lair:2        Snake (0/4) Lair:4        Slime (0/5) Lair:5
    Orc: D:9-12

Altars:
Ashenzari
Cheibriados
Fedhas
Gozag
Hepliaklqana
Kikubaaqudgha
Makhleb
Nemelex Xobeh
Okawaru
Qazlal
Ru
Sif Muna
Trog
Uskayaw
Vehumet
Wu Jian
Xom
Yredelemnul
Beogh

Shops:
D:5 ?   D:7 (   D:8 ?   D:9 !   Lair:2 (   Lair:4 =


Innate Abilities, Weirdness & Mutations

You are a creature of crystalline ice.
You have a powerful freezing melee attack.
Your maximum health is increased.
Your armour is entirely melded.
You are incapable of wielding weapons or throwing items.
You cannot wear most types of armour.
You are amphibious.
You can wear up to eight rings at the same time.
((Your skin changes colour to match your surroundings (Stealth+).))
((Your rubbery body absorbs attacks. (AC +1, EV +1)))
((You are camouflaged when in or above water. (Stealth+)))
((You have tentacles for arms and can constrict up to eight enemies at once.))


Message History

You are no longer poisoned.
Unknown command. [a] - 336 gold - brilliance, magic and might [b] - 572 gold - brilliance, magic and haste [c] - 510 gold - lignification, might and resistance Purchase which effect?
You no longer have enough gold to petition Gozag for potion effects.
You feel clever all of a sudden. Magic courses through your body.
You feel very mighty all of a sudden. The eight-headed hydra bites you!
* * * LOW HITPOINT WARNING * * *
The eight-headed hydra bites you.
The eight-headed hydra bites you but does no damage.
The eight-headed hydra bites you!
* * * LOW HITPOINT WARNING * * *
The eight-headed hydra closely misses you. x3
The eight-headed hydra misses you.
Unknown command.
You feel much better. The eight-headed hydra bites you!
* * * LOW HITPOINT WARNING * * *
The eight-headed hydra bites you.
* * * LOW HITPOINT WARNING * * *
The eight-headed hydra bites you but does no damage.
The eight-headed hydra bites you.
* * * LOW HITPOINT WARNING * * *
The eight-headed hydra bites you!
* * * LOW HITPOINT WARNING * * *
The eight-headed hydra bites you but does no damage.
The eight-headed hydra closely misses you.
The eight-headed hydra bites you but does no damage.
Unknown command.
You pummel the eight-headed hydra!! You freeze the eight-headed hydra!
The eight-headed hydra is heavily wounded.
The eight-headed hydra bites you but does no damage.
The eight-headed hydra barely misses you. x2
The eight-headed hydra closely misses you. x2
The eight-headed hydra bites you!
You die...
Your body crumbles into a pile of gold.

#..##.P##.#...........
#.....................
#.....................
##...)................
#............>........
#P....................
#......#.####....##.##
#....######P.....##..#
#....Y##..#...........
##..##D...+...........
##...#S..........#P...
#.....#.+####.........
##...#...###.....#....
#...#......#.....##...
#..................+P#
#................P#..#
##.....>..............


You could see an eight-headed hydra and a black mamba.

Vanquished Creatures
  Harold (Lair:4)
  Erica (D:9)
  Fannar (Lair:3)
  A hydra (Lair:3)
  A two-headed ogre (D:9)
  A tengu warrior (D:9)
  Sonja (Lair:2)
  A lindwurm (Lair:3)
  2 ugly things
  3 oklob plants (Lair:2)
  A manticore (D:9)
  A merfolk siren (Lair:2)
  8 elephants
  Joseph (D:8)
  A black mamba (Lair:1)
  6 cane toads
  Psyche (D:9)
  A rime drake (Lair:1)
  An efreet (D:8)
  8 komodo dragons
  3 polar bears
  A meliai (D:9)
  A meliai (shapeshifter) (D:9)
  Grinder (D:5)
  7 blink frogs
  2 slime creatures (D:9)
  A shadow (D:10)
  3 wyverns
  29 yaks
  A wraith (D:8)
  A basilisk (Lair:2)
  3 steam dragons
  11 water moccasins
  Duvessa (D:6)
  A floating eye (Lair:2)
  6 orc warriors
  An ice beast (D:7)
  2 sky beasts (D:7)
  2 black bears
  4 ogres
  2 necrophages
  8 wolves (Lair:5)
  2 phantoms
  5 centaurs
  2 kobold brigands
  A gnoll sergeant (D:9)
  7 bullfrogs
  2 wyvern zombies
  6 scorpions
  Dowan (D:6)
  31 wights
  5 killer bees (D:9)
  6 howler monkeys
  3 centaur zombies
  2 gnoll shamans
  An orc priest (D:9)
  A hound (D:6)
  5 jellies (Lair:5)
  A bullfrog skeleton (D:7)
  2 centaur skeletons (D:7)
  3 iguanas
  Jessica (D:2)
  6 orc wizards
  2 hound skeletons (D:4)
  2 howler monkey zombies (D:9)
  6 adders
  17 gnolls
  A howler monkey skeleton (D:5)
  A shadow imp (D:5)
  A white imp (D:7)
  2 worms
  2 dart slugs
  40 orcs
  5 bats
  4 endoplasms
  6 giant cockroaches
  3 goblins
  4 hobgoblins
  5 jackals
  5 quokkas
  6 ball pythons
  2 frilled lizards
  10 kobolds
  6 rats
  A bush (Lair:2)
357 creatures vanquished.

Vanquished Creatures (others)
  An orc wizard (D:7)
  A bush (D:8)
  20 fungi
  65 plants
87 creatures vanquished.

Grand Total: 444 creatures vanquished

Notes
Turn   | Place    | Note
-------+----------+-------------------------------------------
     0 | D:1      | Hasart the Octopode Transmuter began the quest for the Orb.
     0 | D:1      | Reached XP level 1. HP: 13/13 MP: 3/3
   382 | D:1      | Reached XP level 2. HP: 18/18 MP: 5/5
   386 | D:1      | Learned a level 2 spell: Wereblood
   772 | D:2      | Identified the amulet "Ogoyj" {Spirit SInv}
   798 | D:2      | Noticed Jessica
   804 | D:2      | Killed Jessica
   805 | D:2      | Reached XP level 3. HP: 23/23 MP: 3/6
   969 | D:2      | Identified the +0 dagger "Bured" {venom, Drain rF++ Str-4
                  | Int+9}
  1126 | D:2      | Reached XP level 4. HP: 26/29 MP: 5/7
  1724 | D:3      | Found a faded altar of an unknown god.
  2072 | D:3      | Found a stormy altar of Qazlal.
  2118 | D:3      | Found a broken altar of Ashenzari.
  2218 | D:3      | Learned a level 3 spell: Spider Form
  2572 | D:3      | Reached XP level 5. HP: 24/34 MP: 7/9
  2751 | D:3      | Reached skill level 4 in Unarmed Combat
  3050 | D:4      | Reached skill level 1 in Poison Magic
  3277 | D:4      | Reached XP level 6. HP: 22/41 MP: 3/10
  4191 | D:4      | Noticed a necrophage
  4204 | D:4      | Killed a necrophage
  4205 | D:4      | Reached XP level 7. HP: 44/45 MP: 4/12
  4435 | D:4      | Found a radiant altar of Vehumet.
  4487 | D:5      | Entered Level 5 of the Dungeon
  4543 | D:5      | Reached skill level 5 in Unarmed Combat
  4564 | D:5      | Learned a level 3 spell: Mephitic Cloud
  4729 | D:5      | Found Kiemuen's Magic Scroll Boutique.
  4843 | D:5      | Found a sacrificial altar of Ru.
  4996 | D:5      | Noticed Grinder
  5013 | D:5      | Paralysed by Grinder for 3 turns
  5028 | D:5      | Killed Grinder
  5029 | D:5      | Reached skill level 1 in Conjurations
  5029 | D:5      | Reached skill level 1 in Air Magic
  5029 | D:5      | Reached XP level 8. HP: 30/52 MP: 7/13
  5612 | D:6      | Reached skill level 6 in Unarmed Combat
  5721 | D:6      | Noticed a yak
  5722 | D:6      | Noticed a yak
  5722 | D:6      | Noticed a yak
  5723 | D:6      | Noticed a yak
  5725 | D:6      | Noticed a yak
  5736 | D:6      | Killed a yak
  5756 | D:6      | Killed a yak
  5771 | D:5      | Reached XP level 9. HP: 32/58 MP: 4/15
  6146 | D:6      | Noticed Dowan
  6215 | D:6      | Identified the ring of Vehumet's Grace {Fire rN+}
  6221 | D:6      | Noticed Duvessa
  6363 | D:6      | Killed Duvessa
  6366 | D:6      | Killed Dowan
  6619 | D:6      | Found a burning altar of Makhleb.
  6813 | D:6      | Found a blossoming altar of Fedhas.
  6872 | D:6      | Reached skill level 7 in Unarmed Combat
  7009 | D:5      | Learned a level 4 spell: Ice Form
  7581 | D:7      | Reached skill level 5 in Transmutations
  7581 | D:7      | Reached skill level 1 in Ice Magic
  7678 | D:7      | Found a staircase to the Ecumenical Temple.
  7687 | Temple   | Entered the Ecumenical Temple
  7851 | Temple   | Became a worshipper of Gozag Ym Sagoz the Greedy
  8037 | D:7      | Reached skill level 5 in Poison Magic
  8054 | D:7      | Reached skill level 5 in Dodging
  8208 | D:7      | Found Iffis's Antique Weapon Shop.
  8371 | D:5      | Bought a scroll of teleportation for 30 gold pieces
  8371 | D:5      | Bought a scroll of blinking for 75 gold pieces
  8595 | D:7      | Reached XP level 10. HP: 40/65 MP: 8/17
  8911 | D:7      | Reached skill level 5 in Spellcasting
  9227 | D:7      | Reached skill level 5 in Fighting
  9552 | D:7      | Noticed a red ugly thing
  9589 | D:7      | Killed a red ugly thing
  9590 | D:7      | Reached skill level 8 in Unarmed Combat
 10113 | D:8      | Found Syr Urir's Magic Scroll Shop.
 10241 | D:8      | Identified the +2 ring mail of the Beggars {rPois rCorr
                  | Str-5}
 10283 | D:8      | Found a staircase to the Lair.
 10956 | D:8      | Reached XP level 11. HP: 53/72 MP: 7/19
 12114 | D:8      | Noticed Joseph
 12129 | D:8      | Killed Joseph
 12465 | D:9      | Noticed a two-headed ogre
 12527 | D:9      | Noticed Erica
 12712 | D:9      | Noticed a cyan ugly thing
 12720 | D:9      | Killed Erica
 12730 | D:9      | Killed a cyan ugly thing
 13197 | D:9      | Reached skill level 9 in Unarmed Combat
 13227 | D:9      | Noticed Psyche
 13238 | D:9      | Killed Psyche
 13311 | D:9      | Reached skill level 5 in Conjurations
 13921 | D:8      | Reached skill level 5 in Air Magic
 14093 | D:8      | Learned a level 3 spell: Ozocubu's Armour
 14369 | D:9      | Identified the +10 mace "Miywn" {drain, rPois Will+}
 14475 | D:9      | Killed a two-headed ogre
 14895 | D:9      | Bought a potion of curing for 36 gold pieces
 14910 | D:9      | Noticed a tengu warrior
 14911 | D:9      | Noticed a manticore
 14922 | D:9      | Killed a tengu warrior
 14928 | D:9      | Killed a manticore
 15078 | D:9      | Reached XP level 12. HP: 80/80 MP: 16/21
 15582 | D:10     | Entered Level 10 of the Dungeon
 15779 | Lair:1   | Entered Level 1 of the Lair of Beasts
 15819 | Lair:1   | Reached skill level 10 in Unarmed Combat
 16607 | Lair:1   | Reached skill level 5 in Ice Magic
 17762 | Lair:2   | Found a staircase to the Shoals.
 17926 | Lair:2   | Noticed Sonja
 17959 | Lair:2   | Killed Sonja
 18012 | Lair:2   | Paralysed by a floating eye for 2 turns
 18015 | Lair:2   | Paralysed by a floating eye for 3 turns
 18042 | Lair:2   | Learned a level 5 spell: Freezing Cloud
 18043 | Lair:2   | Paralysed by a floating eye for 2 turns
 18570 | Lair:2   | Noticed Harold
 18903 | Lair:2   | Identified a scroll of acquirement
 18903 | Lair:2   | Acquired 756 gold pieces
 19318 | Lair:3   | Reached XP level 13. HP: 86/86 MP: 13/23
 19410 | Lair:3   | Reached skill level 11 in Unarmed Combat
 19830 | Lair:3   | Noticed Fannar
 19853 | Lair:3   | Killed Fannar
 20450 | Lair:4   | Found a staircase to the Snake Pit.
 20455 | Lair:4   | Killed Harold
 22516 | Lair:5   | Identified the +2 robe of Space {+Inv}
 22669 | Lair:5   | Found a staircase to the Slime Pits.
 22693 | Lair:5   | Slain by an eight-headed hydra

Illustrated notes

Levels and vault maps discovered:
D:1:      lightli_iron_boxes, layout_loops_ring, grunt_decor_mini_mirrors
D:2:      layout_rooms, uniq_jessica
D:3:      layout_basic, mainiacjoe_overflow_paths, mainiacjoe_overflow_brackets,
          hellmonk_ecumenical_altar_run_dry
D:4:      layout_cave_pools, lemuel_doored_altar, nicolae_grassy_gnolls
D:5:      layout_basic, old_standard_altar, serial_shops, nicolae_shop_crystal,
          dk_vineyard_1, uniq_grinder
D:6:      layout_basic, mainiacjoe_overflow_alcove_4, fedhas_ov_isle_minmay,
          uniq_duvessa
D:7:      layout_basic, minmay_temple_entry_glassed_door, serial_shops,
          shop_statue, nzn_random_ring
D:8:      layout_cave_pods, minmay_lair_entry_grove, serial_shops,
          shop_fountains, uniq_joseph
D:9:      minmay_diamond_stairs, layout_basic, special_room [special_room_orc],
          uniq_psyche, uniq_erica
D:10:     layout_loops_ring, mainiacjoe_overflow_alcove_1, minmay_the_grid_2x2
          [minmay_the_grid_embedded, minmay_the_grid_zigzag_pyramid,
          minmay_the_grid_plusring,
          minmay_the_grid_prize_four_corners_diamond_a], uniq_maggie
Temple:   regret_index_temple_generic_petals
Lair:1:   layout_chaotic_city, chequers_serial_rivers_marsh, grunt_megastairs_5
Lair:2:   layout_misc_corridors, minmay_shoals_entry_lonely_mermaid,
          disabler_island, uniq_harold, uniq_sonja
Lair:3:   layout_regular_city, grunt_megastairs_3, uniq_fannar
Lair:4:   layout_loops_ring, guppyfry_snake_entry_island,
          infiniplex_staircase_pool_2, serial_bayou_shore_a
Lair:5:   layout_regular_city, minmay_slime_entry_jelly_boxes, minmay_holes,
          roderic_batcave, small_statue_intersection

Skill      XL: |  1  2  3  4  5  6  7  8  9 10 11 12 13 |
---------------+----------------------------------------+-----
Fighting       | 2 3 4 5 6 7 |  7.8
Unarmed Combat | 4 5 6 7 8 9 10 11 | 11.5
Poison Magic   | 1 2 3 5 6 7 8 9 |  9.1
Spellcasting   | 3 4 5 6 7 |  7.5
Dodging        | 3 4 5 6 7 8 |  8.0
Transmutations | 3 4 5 6 7 8 |  8.0
Conjurations   | 1 2 3 4 5 |  5.8
Air Magic      | 1 2 3 4 5 |  5.8
Ice Magic      | 1 3 4 5 6 |  6.2

Action                   |  1- 3 |  4- 6 |  7- 9 | 10-12 | 13-15 || total
-------------------------+-------+-------+-------+-------+-------++-------
Melee: Unarmed           |    54 |   127 |   299 |   583 |   201 ||  1264
       Tentacles         |    15 |    34 |     5 |    20 |     1 ||    75
       Constrict         |    16 |    33 |     3 |    13 |     1 ||    66
       Punch             |     1 |     4 |       |     8 |     1 ||    14
       Kick              |     6 |    34 |       |       |       ||    40
 Cast: Beastly Appendage |     3 |    19 |       |       |       ||    22
       Wereblood         |       |     2 |     4 |    19 |     5 ||    30
       Spider Form       |       |     1 |    28 |    14 |       ||    43
       Mephitic Cloud    |       |       |     4 |    16 |     5 ||    25
       Ice Form          |       |       |       |    41 |    18 ||    59
       Ozocubu's Armour  |       |       |       |     2 |       ||     2
       Freezing Cloud    |       |       |       |     7 |     2 ||     9
Invok: Call Merchant     |       |       |       |     2 |     1 ||     3
       Potion Petition   |       |       |       |     1 |     1 ||     2
Evoke: Wand              |       |       |       |     4 |       ||     4
  Use: Potion            |       |     1 |       |     2 |     1 ||     4
       Scroll            |       |       |       |    14 |       ||    14
 Stab: Sleeping          |     3 |     4 |     2 |       |       ||     9
       Confused          |       |       |     5 |     7 |     3 ||    15
       Distracted        |       |       |       |     1 |     1 ||     2
Armor: Skin              |    10 |     7 |    11 |   100 |    52 ||   180
Dodge: Dodged            |    31 |    90 |   255 |   342 |   113 ||   831

Table legend: (Time is in decaauts)
 A = Elapsed time spent in this place.
 B = Non-inter-level travel time spent in this place.
 C = Inter-level travel time spent in this place.
 D = Time resting spent in this place.
 E = Time spent auto-exploring this place.
 F = Levels seen in this place.
 G = Mean time per level.
                   A        B        C        D        E       F      G
               +--------+--------+--------+--------+--------+-----+--------+
         Total |  22543 |  21626 |    917 |   4078 |  14011 |  16 | 1408.9 |
       Dungeon |  15498 |  14690 |    808 |   3030 |   8984 |  10 | 1549.8 |
        Temple |    203 |    164 |     39 |      0 |    159 |   1 |  203.0 |
          Lair |   6840 |   6771 |     69 |   1048 |   4868 |   5 | 1368.0 |
               +--------+--------+--------+--------+--------+-----+--------+

Top non-repeatable levels by time:
     D:8: 3370 daAuts
     D:7: 2720 daAuts
  Lair:2: 1767 daAuts
     D:3: 1745 daAuts
     D:5: 1654 daAuts
     D:9: 1650 daAuts
  Lair:1: 1579 daAuts
  Lair:3: 1549 daAuts
     D:6: 1469 daAuts
  Lair:4: 1390 daAuts
     D:4: 1014 daAuts
     D:2: 956 daAuts
     D:1: 762 daAuts
  Lair:5: 554 daAuts
  Temple: 203 daAuts
